[Event "Portuguese-ch U14-20 2022"]
[Site "Fatima"]
[Date "2022.04.13"]
[Round "6.10"]
[White "Pipiras, Filipa Fortuna"]
[Black "Simoes, Miguel Patricio"]
[Result "1-0"]
[ECO "E32"]
[WhiteElo "2000"]
[BlackElo "2001"]
[Annotator "TA"]
[PlyCount "69"]
[EventDate "2022.04.10"]
[EventType "swiss"]
[EventCountry "POR"]
[SourceTitle "playchess.com"]
[Source "ChessBase"]
[SourceQuality "1"]
[TimeControl "5400+30"]

1. d4 Nf6 2. c4 e6 3. Nc3 Bb4 4. Qc2 O-O 5. Nf3 b6 6. e4 Bb7 7. Bd3 d5 8. cxd5 exd5 9. e5 Ne4 10. O-O Bxc3 11. bxc3 c5 12. Rd1 {[%emt 0:24:08] [#] E32: Nimzo-Indian: Classical (4 Qc2): 4...0-0.} Qc7 $146 ({Predecessor:} 12... h6 13. Ne1 cxd4 14. cxd4 Na6 15. Ba3 Rc8 16. Qb2 Re8 17. f3 Ng5 18. Bb5 Re6 19. f4 Nh3+ 20. gxh3 Rg6+ 21. Ng2 Qh4 22. Bd3 {1-0 (22) Vanstreels,L (2071)-Bikady,C (1986) Skopje 2015}) 13. Bb2 Nd7 ({Black should play} 13... Nc6 $14) 14. Qe2 $16 {[%emt 0:04:50] White is better.} Rae8 15. Nd2 f6 (15... Nxd2 $16 16. Qxd2 (16. Rxd2 Nf6 $16) 16... Re7) 16. Nxe4 $18 {[%emt 0:02:46] [#] aiming for Nd6.} dxe4 17. Bc4+ ({Inferior is} 17. Bxe4 Bxe4 18. Qxe4 fxe5 $11) 17... Kh8 18. e6 Nb8 19. d5 Qe5 20. Bb3 Qd6 21. Qxe4 f5 22. Qe2 f4 23. f3 c4 24. Qxc4 Rf5 25. Qd4 Na6 26. c4 {[%emt 0:00:17][%csl Gb2][%cal Rd4g7] [#]} Rg5 27. a4 Qb4 28. Bc2 {[%emt 0:00:25] Threatens to win with Ba3.} Nc7 29. Ba3 Qa5 30. Qxf4 Qc3 31. Qxg5 Qxc2 32. Qf4 Rc8 33. e7 {[%emt 0:00:08] White threatens Qf8+ and mate.} Kg8 34. Qf8+ Rxf8 35. exf8=Q# {[%emt 0:00:05] Black did not feel at home in the position after the opening.  Weighted Error Value: White=0.24 (precise) /Black=0.53} ({Weaker is} 35. exf8=B Qxc4 36. Rac1 Qxa4 $18) 1-0

[Event "Portuguese-ch U14-20 2022"]
[Site "Fatima"]
[Date "2022.04.13"]
[Round "6.11"]
[White "Sismeiro, Miguel"]
[Black "Vidal Torres, Ricardo"]
[Result "1/2-1/2"]
[ECO "A05"]
[WhiteElo "2201"]
[BlackElo "2332"]
[Annotator "TA"]
[PlyCount "75"]
[EventDate "2022.04.10"]
[EventType "swiss"]
[EventCountry "POR"]
[SourceTitle "playchess.com"]
[Source "ChessBase"]
[SourceQuality "1"]
[TimeControl "5400+30"]

1. Nf3 Nf6 2. c4 e6 3. b3 d5 4. e3 Bd6 5. Bb2 O-O 6. Be2 c6 {[%emt 0:02:45] A13: English Opening: 1...e6.} 7. O-O Nbd7 8. d4 Ne4 {[%emt 0:04:12] [#] 8...b6 is more fashionable.} 9. Ba3 $146 (9. Qc2 {looks sharper.} f5 10. Ne5 Qg5 11. Nc3) ({Predecessor:} 9. Nbd2 f5 10. Ne5 Nxe5 11. dxe5 Bb4 12. Nxe4 fxe4 13. a3 Ba5 14. b4 Bc7 15. f4 exf3 16. Rxf3 Rxf3 17. Bxf3 {1-0 (45) Vachier Lagrave,M (2784)-Shirov,A (2662) Chess.com INT 2020}) 9... Bxa3 {[%emt 0:04:57] The position is equal.} 10. Nxa3 Nc3 11. Qd2 Nxe2+ 12. Qxe2 Qe7 13. Qb2 Nf6 14. Rfc1 Ne4 15. Nb1 b6 16. cxd5 cxd5 17. Nc3 Nxc3 18. Rxc3 Bb7 19. Rac1 {[%emt 0:06:54] [#] Rc7 is the strong threat.} Rfc8 {[%emt 0:00:13] Against Rc7} 20. b4 Qd8 21. Ne5 Rxc3 22. Rxc3 Rc8 23. Qc2 Rxc3 24. Qxc3 Qc8 25. Qxc8+ Bxc8 $11 {[%emt 0:00:13][%mdl 4096] Endgame KB-KN} 26. b5 Kf8 27. Kf1 a6 28. bxa6 Bxa6+ 29. Ke1 Ke7 {[%emt 0:02:34] Prevents Nd7.} 30. Kd2 f6 31. Nd3 Kd6 32. Kc3 Bxd3 33. Kxd3 {[%emt 0:00:05] [#] aiming for Kc3. KP-KP} Kc6 $1 34. Kc3 Kb5 {[%emt 0:00:13] Threatens to win with ...Ka4.} 35. Kb3 Ka5 36. Ka3 Kb5 {[%emt 0:00:08] And now ...Kc4 would win.} 37. Kb3 Ka5 38. Ka3 {[%emt 0:00:01] A rather calm draw.  Weighted Error Value: White=0.03 (flawless) /Black=0.03 (flawless)} 1/2-1/2

[Event "Portuguese-ch U14-20 2022"]
[Site "Fatima"]
[Date "2022.04.13"]
[Round "6.12"]
[White "Bastiao, Tomas"]
[Black "Ribeiro, Rodrigo"]
[Result "1/2-1/2"]
[ECO "A36"]
[WhiteElo "1664"]
[BlackElo "1866"]
[Annotator "NA RC"]
[PlyCount "89"]
[EventDate "2022.04.10"]
[EventType "swiss"]
[EventCountry "POR"]
[SourceTitle "playchess.com"]
[Source "ChessBase"]
[SourceQuality "1"]
[TimeControl "5400+30"]

1. c4 c5 2. Nc3 Nc6 3. g3 g6 4. Bg2 Bg7 5. e4 e6 6. Nge2 Nge7 7. O-O O-O 8. d3 f5 (8... d6 $11 {might be stronger.}) 9. Be3 b6 10. d4 cxd4 11. Nxd4 Bb7 12. Ndb5 Na5 13. Nd6 Bc6 14. f4 Nc8 15. Nxc8 Rxc8 16. Bd4 Bxd4+ 17. Qxd4 Bxe4 18. b3 Bxg2 19. Kxg2 Qf6 20. Qxf6 Rxf6 21. Nb5 (21. Rf3 $1 $11) 21... Nc6 22. Rad1 Rd8 23. Nd6 Nb8 24. b4 Kf8 {[#]} (24... Na6 $11 {keeps the balance.}) 25. b5 $1 Ke7 {[#]} 26. Rf2 (26. Rf3 $1 $16) 26... h6 27. Rc2 g5 28. c5 gxf4 $2 (28... bxc5 $1 $11 {and Black stays safe.} 29. fxg5 (29. Rxc5 gxf4 30. Nc8+ Kf7 $11) 29... hxg5) 29. c6 ({Stronger than} 29. gxf4 Rg6+ 30. Kf3 bxc5 $11) (29. cxb6 $18 {is the precise move to win.} axb6 30. Nc8+ (30. gxf4 Rg6+ 31. Kf3 Rg4 $16) 30... Kf7 31. gxf4 (31. Nxb6 fxg3 32. hxg3 Rg6 $14)) 29... dxc6 {[#]} 30. bxc6 $1 Rxd6 $16 31. c7 Rf8 32. Rxd6 Kxd6 33. c8=Q Rxc8 34. Rxc8 Nc6 35. gxf4 Nb4 36. a3 Nd5 37. Kf3 a5 38. a4 Kd7 39. Rh8 Nc3 40. Rxh6 Nxa4 41. Rg6 Nc3 42. h4 Ke7 43. Rg7+ Kf8 44. Rc7 Nd5 45. Ra7 1/2-1/2

[Event "Portuguese-ch U14-20 2022"]
[Site "Fatima"]
[Date "2022.04.13"]
[Round "6.13"]
[White "Gomes, Estevao Manuel"]
[Black "Gama, Joao Tiago"]
[Result "1-0"]
[ECO "C09"]
[WhiteElo "2047"]
[BlackElo "1637"]
[Annotator "TA"]
[PlyCount "57"]
[EventDate "2022.04.10"]
[EventType "swiss"]
[EventCountry "POR"]
[SourceTitle "playchess.com"]
[Source "ChessBase"]
[SourceQuality "1"]
[TimeControl "5400+30"]

1. e4 e6 2. d4 d5 3. Nd2 c5 4. exd5 exd5 5. Ngf3 Nc6 6. Bb5 Bd6 {[%emt 0:00:09] 6...Qe7+ is more advanced technology.} 7. O-O Nge7 8. c4 {[%emt 0:08:12] [#] C09: French Tarrasch: 3...c5 4 exd5 exd5 5 Ngf3 Nc6.} Be6 $146 ({Predecessor:} 8... O-O 9. cxd5 Nxd5 10. Ne4 Nxd4 11. Nxd4 cxd4 12. Nxd6 Qxd6 13. Qxd4 Be6 14. Bc4 Rfd8 15. Bg5 f6 16. Bxd5 {½-½ (16) Mahjoob,M (2455)-Andersson,U (2580) Mallorca 2004}) 9. Ng5 (9. dxc5 $14 Bxc5 10. Nb3) 9... Qc7 (9... O-O $11 {keeps the balance.}) 10. Nxe6 $16 {[%emt 0:00:58] White is better.} fxe6 {[%emt 0:02:00] [#]} 11. Qh5+ $1 g6 12. Qh3 Nf5 13. cxd5 exd5 14. Re1+ (14. dxc5 $16 Bxc5 15. Nb3) 14... Kf7 $2 {[%emt 0:02:06] This costs Black the game.} (14... Be7 $1 $14) 15. dxc5 $18 Bxc5 16. Bxc6 bxc6 17. Nf3 Kg7 (17... Kg8 {is a better defense.} 18. Bg5 Qb6) 18. b4 ({Don't take} 18. g4 $6 Nd4 $18) 18... Be7 $2 (18... Bxb4 19. g4 Nd6) 19. Bb2+ Bf6 20. Ng5 {[%emt 0:01:19] Strongly threatening Ne6+.} Qd7 21. Ne6+ Kf7 22. Bxf6 Kxf6 23. g4 Ne7 24. Qf3+ Nf5 25. gxf5 gxf5 26. Qc3+ (26. Qf4 $142 Rag8+ 27. Kh1 Rg4 28. Qe5+ Kg6 29. f3 Qe7 30. fxg4 Qf6 31. gxf5+ Kf7 32. Qc7+ Qe7 {[#]} 33. Nd8+ $1 Kf6 34. Qxe7+ Kxf5 35. Rg1 h6 36. Raf1#) 26... Kf7 27. Qg7+ {[%emt 0:00:08] White mates.} Ke8 28. Nc5+ Qe7 29. Qxe7# {Weighted Error Value: White=0.09 (flawless) /Black=1.55} 1-0

[Event "Portuguese-ch U14-20 2022"]
[Site "Fatima"]
[Date "2022.04.13"]
[Round "6.14"]
[White "Sousa, Ricardo Miguel Morai"]
[Black "Pina, Tiago"]
[Result "1/2-1/2"]
[ECO "A46"]
[WhiteElo "2077"]
[BlackElo "1938"]
[Annotator "TA"]
[PlyCount "50"]
[EventDate "2022.04.10"]
[EventType "swiss"]
[EventCountry "POR"]
[SourceTitle "playchess.com"]
[Source "ChessBase"]
[SourceQuality "1"]
[TimeControl "5400+30"]

1. d4 Nf6 2. Nf3 c5 3. c3 g6 4. Bf4 Bg7 5. e3 b6 6. Be2 Bb7 7. O-O O-O 8. Nbd2 d6 9. h3 Nbd7 10. Bh2 Re8 11. a4 a6 12. Qb3 {[%emt 0:06:20] A48: 1 d4 Nf6 2 Nf3 g6: Torre, London and Colle Systems.} d5 13. Rfd1 {[%emt 0:07:54] [#]} c4 $146 ({Predecessor:} 13... e6 14. Rac1 Qe7 15. c4 Rac8 16. a5 b5 17. cxb5 c4 18. Qa4 axb5 19. Qxb5 Bc6 {1-0 (42) Schatz,C-Eckstein,B Bad Neustadt 1992}) 14. Qc2 b5 15. Ne5 Nb6 16. axb5 axb5 17. b3 Nfd7 18. Nxd7 Qxd7 19. bxc4 Nxc4 20. Nb3 Rxa1 21. Rxa1 Ra8 22. Rxa8+ Bxa8 23. Qa2 Qc6 24. Qa7 {[%emt 0:05:07] Black must now prevent Qb8+.} Qb7 25. Qa2 Bf8 {[%emt 0:01:58] An interesting draw.  Weighted Error Value: White=0.09 (flawless) /Black=0.07 (flawless)} 1/2-1/2

[Event "Portuguese-ch U14-20 2022"]
[Site "Fatima"]
[Date "2022.04.13"]
[Round "6.15"]
[White "Medeiros, Joao"]
[Black "Abdurramane, Danial Germano"]
[Result "0-1"]
[ECO "C00"]
[WhiteElo "1331"]
[BlackElo "1772"]
[Annotator "NA RC"]
[PlyCount "92"]
[EventDate "2022.04.10"]
[EventType "swiss"]
[EventCountry "POR"]
[SourceTitle "playchess.com"]
[Source "ChessBase"]
[SourceQuality "1"]
[TimeControl "5400+30"]

1. e4 e6 2. c4 d5 3. cxd5 exd5 4. exd5 Qxd5 5. d4 c5 6. Be3 cxd4 7. Qxd4 Qxd4 8. Bxd4 Nc6 9. Bc3 Bf5 10. Nf3 O-O-O 11. Bc4 f6 12. O-O Bc5 13. Nbd2 Nge7 14. Rfe1 Nd5 15. Bxd5 Rxd5 16. Nb3 Bb6 17. Rad1 Rxd1 18. Rxd1 Bc2 19. Rd2 Bxb3 20. axb3 Re8 21. g3 Na5 22. b4 Nc4 23. Rc2 Kd7 24. Bxf6 gxf6 25. Rxc4 Re2 26. Kh1 Rxf2 27. Nd4 Rxb2 28. Nf5 Ke6 29. Ng7+ Kd5 30. Rh4 Bd4 31. Nf5 Rxb4 32. Rxh7 Be5 33. Ne3+ Ke6 34. Kg2 a5 35. Rh8 a4 36. Ra8 Rb3 37. Nc4 b5 38. Nxe5 Kxe5 39. h4 Kf5 40. Kf2 a3 41. Ra5 Kg4 42. Ke2 Rxg3 43. Rxb5 Kxh4 44. Ra5 f5 45. Rxf5 a2 46. Ra5 Rg1 0-1

[Event "Portuguese-ch U14-20 2022"]
[Site "Fatima"]
[Date "2022.04.13"]
[Round "6.16"]
[White "Goncalves, Samuel Jesus P"]
[Black "Soares, Luis Francisco Almei"]
[Result "1-0"]
[ECO "A06"]
[WhiteElo "1807"]
[BlackElo "2000"]
[Annotator "TA"]
[PlyCount "59"]
[EventDate "2022.04.10"]
[EventType "swiss"]
[EventCountry "POR"]
[SourceTitle "playchess.com"]
[Source "ChessBase"]
[SourceQuality "1"]
[TimeControl "5400+30"]

1. h3 d5 2. Nf3 Nf6 3. e3 e6 4. b3 c5 5. d4 Nc6 6. Be2 {A06: Réti Opening: 1 Nf3 d5.} Be7 7. Bb2 {[#]} cxd4 $146 ({Predecessor:} 7... O-O 8. O-O b6 9. Nbd2 Bb7 10. Ne5 Qc7 11. f4 a6 12. a3 b5 13. c3 c4 {½-½ (54) Petrovic,P (2193)-Maksimovic,M (2167) Belgrade 2003}) 8. Nxd4 {The position is equal.} O-O 9. O-O Ne4 10. Nd2 Nxd2 11. Qxd2 Bf6 12. Rac1 e5 13. Nxc6 bxc6 14. Rfd1 Qd6 (14... Qb6 $11 {remains equal.}) 15. c4 $16 Rd8 16. Qa5 Be6 17. Ba3 {&Bianco is more active.} Qb8 18. Qa4 $36 {[%mdl 2048] White is more active.} Qb6 (18... Bd7 $14) 19. Bb4 (19. cxd5 $16 cxd5 20. Bc5) 19... a5 20. Be1 (20. Bc5 $5 Qb7 21. Bd3 $11) 20... d4 21. Bf3 Ra6 22. c5 Qb5 (22... Qb7 $14) 23. Qxb5 $18 cxb5 {[#]} 24. c6 ({White should try} 24. Be2 $1 $18) 24... Rc8 $16 25. Rc5 b4 26. Rdc1 g6 (26... h6 $142) 27. Bd2 {Strongly threatening Rb5.} dxe3 (27... a4 $16) 28. Bxe3 $18 {[#] And now c7 would win.} Bg7 $2 (28... Be7) 29. c7 {Black must now prevent Bb7.} Ra7 {Against Bb7} 30. R5c2 {Weighted Error Value: White=0.12 (very precise) /Black=0.40} 1-0

[Event "Portuguese-ch U14-20 2022"]
[Site "Fatima"]
[Date "2022.04.13"]
[Round "6.17"]
[White "Rodrigues, Jose Pedro Da Costa"]
[Black "Fonseca, Pedro Miguel Ramos"]
[Result "0-1"]
[ECO "E80"]
[WhiteElo "1533"]
[BlackElo "1788"]
[Annotator "NA RC"]
[PlyCount "42"]
[EventDate "2022.04.10"]
[EventType "swiss"]
[EventCountry "POR"]
[SourceTitle "playchess.com"]
[Source "ChessBase"]
[SourceQuality "1"]
[TimeControl "5400+30"]

1. d4 Nf6 2. c4 g6 3. Nc3 Bg7 4. e4 d6 5. f3 Nbd7 6. Be3 c5 7. Nge2 Nb6 8. Nc1 cxd4 9. Bxd4 Be6 10. Nd5 O-O 11. Nxb6 axb6 12. b3 b5 13. cxb5 Qa5+ 14. Kf2 Qb4 15. Bc4 Bxc4 16. bxc4 Qxc4 17. Ne2 Rxa2 18. Rb1 Nxe4+ 19. Ke1 Bxd4 20. fxe4 Be3 21. Ng3 Bf2# 0-1

[Event "Portuguese-ch U14-20 2022"]
[Site "Fatima"]
[Date "2022.04.13"]
[Round "6.18"]
[White "Duque, Raquel Dos Santos"]
[Black "Oliveira, Maria Elisa Ramos Ma"]
[Result "1-0"]
[ECO "A13"]
[WhiteElo "1510"]
[BlackElo "1316"]
[Annotator "NA RC"]
[PlyCount "63"]
[EventDate "2022.04.10"]
[EventType "swiss"]
[EventCountry "POR"]
[SourceTitle "playchess.com"]
[Source "ChessBase"]
[SourceQuality "1"]
[TimeControl "5400+30"]

1. c4 e6 2. g3 d5 3. Bg2 Nf6 4. Nf3 b6 5. O-O Bb7 6. d3 Be7 7. Bf4 O-O 8. Nc3 a6 9. Qc2 Bd6 10. Bxd6 Qxd6 11. cxd5 exd5 12. d4 Nc6 13. e3 Ne7 14. Rfd1 c5 15. dxc5 Qxc5 16. Rac1 Qa5 17. Nd4 b5 18. Nf5 Nxf5 19. Qxf5 b4 20. Nxd5 Nxd5 21. Bxd5 Bxd5 22. Qxd5 Qa4 23. Rd4 Rab8 24. a3 a5 25. Rc5 Qe8 26. Rxa5 bxa3 27. bxa3 Qc8 28. Qd7 Qc1+ 29. Kg2 Rb2 30. Qe7 h6 31. Ra7 Rb1 32. Qxf8+ 1-0

[Event "Portuguese-ch U14-20 2022"]
[Site "Fatima"]
[Date "2022.04.13"]
[Round "6.19"]
[White "Bernardo, Beatriz Nunes"]
[Black "Monteiro, Simao Costa"]
[Result "0-1"]
[ECO "B01"]
[WhiteElo "1144"]
[BlackElo "1346"]
[Annotator "NA RC"]
[PlyCount "94"]
[EventDate "2022.04.10"]
[EventType "swiss"]
[EventCountry "POR"]
[SourceTitle "playchess.com"]
[Source "ChessBase"]
[SourceQuality "1"]
[TimeControl "5400+30"]

1. e4 d5 2. exd5 Nf6 3. d4 Nxd5 4. Bb5+ Bd7 5. Be2 g6 6. Nf3 Bg7 7. O-O O-O 8. c4 Nb6 9. Nc3 Nc6 10. Be3 Bg4 11. d5 Bxf3 12. Bxf3 Ne5 13. Bxb6 Nxf3+ 14. Qxf3 axb6 15. Rfd1 Qd7 16. b3 c6 17. dxc6 Qxc6 18. Qxc6 bxc6 19. Rd3 Rfd8 20. Rxd8+ Rxd8 21. Rd1 Rxd1+ 22. Nxd1 Bd4 23. Ne3 Bxe3 24. fxe3 c5 25. Kf2 f5 26. Kf3 Kf7 27. e4 e5 28. h3 Ke6 29. a3 g5 30. g4 f4 31. Ke2 Kd6 32. Kf3 Kc6 33. Ke2 b5 34. cxb5+ Kxb5 35. a4+ Kb4 36. Kf3 c4 37. bxc4 Kxa4 38. c5 Kb5 39. c6 Kxc6 40. Ke2 Kc5 41. Kf2 Kd4 42. Kf3 Kd3 43. Kf2 Kxe4 44. Ke2 h6 45. h4 gxh4 46. g5 hxg5 47. Kf2 Kd3 0-1

[Event "Portuguese-ch U14-20 2022"]
[Site "Fatima"]
[Date "2022.04.13"]
[Round "6.20"]
[White "Ferreira, Tiago Filipe Quiteri"]
[Black "Gomes, Guilherme Rodrigues"]
[Result "1-0"]
[ECO "D02"]
[WhiteElo "1699"]
[BlackElo "1899"]
[Annotator "NA RC"]
[PlyCount "51"]
[EventDate "2022.04.10"]
[EventType "swiss"]
[EventCountry "POR"]
[SourceTitle "playchess.com"]
[Source "ChessBase"]
[SourceQuality "1"]
[TimeControl "5400+30"]

1. d4 Nf6 2. Bf4 d5 3. Nf3 Bf5 4. e3 e6 5. Bd3 Be4 6. Bxe4 dxe4 (6... Nxe4 $11 7. Nbd2 Nxd2 8. Qxd2 (8. Kxd2 Nd7 $11) 8... Nc6) 7. Ne5 Bd6 8. c3 (8. Nd2 $16) 8... Nc6 $16 9. Nd2 Nd5 10. Bg3 f6 11. Qh5+ g6 12. Nxg6 Rg8 13. Nf4+ Ke7 14. Qxh7+ Kf8 15. Nxe6+ Ke8 16. Nxd8 Rxd8 17. Qxg8+ Kd7 18. Qxd5 Re8 19. Bxd6 cxd6 20. Nxe4 Re6 21. Nc5+ Kc7 22. Nxe6+ Kb6 23. Qb3+ Ka5 24. Nc7 a6 25. d5 Ne5 26. Qb4# 1-0

[Event "Portuguese-ch U14-20 2022"]
[Site "Fatima"]
[Date "2022.04.13"]
[Round "6.22"]
[White "Paiva, Rodrigo Garcia"]
[Black "Basilio, Rodrigo"]
[Result "1-0"]
[ECO "E98"]
[WhiteElo "1667"]
[BlackElo "1941"]
[Annotator "TA"]
[PlyCount "140"]
[EventDate "2022.04.10"]
[EventType "swiss"]
[EventCountry "POR"]
[SourceTitle "playchess.com"]
[Source "ChessBase"]
[SourceQuality "1"]
[TimeControl "5400+30"]

1. d4 Nf6 2. c4 g6 3. Nc3 Bg7 4. e4 d6 5. Nf3 O-O 6. Be2 e5 7. O-O Nc6 8. d5 Ne7 9. Ne1 Nd7 10. Be3 f5 11. f3 f4 12. Bf2 g5 13. Nd3 Ng6 14. c5 Nf6 15. Rc1 Rf7 16. a4 {[%emt 0:01:52] is the legacy move (16.Kh1). E99: King's Indian: Classical Main Line: 9 Ne1 Nd7 10 f3 f5.} h5 17. a5 g4 18. cxd6 {[%emt 0:03:54] White has an edge.} cxd6 19. Nb5 g3 {[%emt 0:21:56] [#]} 20. Bxa7 $146 (20. hxg3 $11 {remains equal.} fxg3 21. Bxg3) ({Predecessor:} 20. hxg3 fxg3 21. Bxg3 h4 22. Be1 Nh5 23. f4 Nhxf4 24. Bh5 Qg5 25. Nxf4 Rxf4 26. Nxd6 {0-1 (51) Volokitin,A (2638)-Cheparinov,I (2682) Dubai 2014}) 20... Ne8 (20... Qxa5 $17 21. hxg3 Qxb5 22. Nxe5 Qa5) 21. Rxc8 $1 $11 Rxc8 22. Bb6 (22. hxg3 fxg3 23. Nf2 gxf2+ $19) 22... gxh2+ 23. Kh1 Qg5 24. Re1 Bf6 25. Bf1 Bd8 26. Na7 (26. Bxd8 $142 Rxd8 27. Qc2) 26... Ra8 $1 $17 27. Qb3 (27. Qd2 $17) 27... Nh4 $19 28. Bf2 Rg7 29. Bxh4 Qxh4 30. Nb5 Bxa5 31. Ra1 Qd8 {[%emt 0:00:49] Threatens to win with ...Qb6.} 32. Nxe5 $2 (32. Nf2) 32... dxe5 (32... Qb6 $142 33. Nd4 Qxd4 34. Kxh2 dxe5 35. Rxa5 Rxa5) 33. d6+ Kh8 $2 (33... Kh7 34. Nd4 Nxd6) 34. Qe6 Qf6 {[%emt 0:04:09] Inhibits Qh6+.} 35. Qxf6 Nxf6 36. b4 {[%emt 0:00:05] [#]} b6 37. Nc7 (37. bxa5 Rxa5) 37... Ra7 (37... Rd8 38. bxa5 Rxd6 39. Nb5 $15) (37... Rb8 $1 $19 38. bxa5 bxa5) 38. Nb5 $17 {[%emt 0:00:29] [#]} Ra8 39. Nc7 $1 $19 {[%emt 0:00:13] [#]} Rb8 $1 (39... Rd8 40. bxa5 Rxd6 41. Nb5 $15) 40. bxa5 bxa5 41. Nb5 (41. Kxh2 $17 {was worth a try.} Rd7 42. Nb5) 41... Ra8 (41... h4 $19 {[%cal Oh4h3] is more deadly. aiming for ...h3!} 42. Rxa5 h3) 42. Kxh2 (42. Nc7 $17 {was necessary.} Ra7 43. Bb5) 42... Ra6 ({Black should try} 42... a4 $19 43. Na3 Rb7) 43. Nd4 $17 Ne8 $2 44. Nf5 (44. Bxa6 $18 {is the precise move to win.} exd4 45. e5) 44... Rxd6 (44... Raa7 $16 {was called for.}) 45. Nxd6 $2 ({Not} 45. Nxg7 Kxg7 46. Rxa5 Kf6 $14) ({White has to play} 45. Rxa5 $18 Re6 46. Bc4 (46. Nxg7 Kxg7 47. g3 fxg3+ 48. Kxg3 Nd6 $14)) 45... Ra7 $2 46. Rd1 Nxd6 $18 {[%emt 0:00:34][%mdl 4096] Endgame KRB-KRN} 47. Bc4 Nf7 $2 ({Better is} 47... Nxc4 $19 48. Rc1 Ne3) 48. Kh3 Kg7 49. Kh4 a4 50. Ba2 Kg6 51. Rd3 a3 52. Rd5 Ra8 53. Rd7 Nd8 54. Rd6+ Kg7 55. Kxh5 Nf7 $2 (55... Kf8 $11) 56. Rg6+ Kf8 57. Rf6 Ke7 58. Rxf7+ {[%emt 0:02:42] KRB-KR} Kd6 59. Kg6 Rg8+ 60. Rg7 Ra8 61. Kf5 Ra5 62. Rg6+ Kd7 63. Re6 Rb5 64. Rxe5 Rb2 65. Be6+ Ke7 66. Ra5 {[%emt 0:00:31] Intending e5 and mate.} Rxg2 67. Rxa3 {[%emt 0:00:05] White mates.} Rh2 68. Ra7+ Kf8 69. Kxf4 Rh6 70. Kf5 Rh5+ {[%emt 0:00:00] A wild game.  Weighted Error Value: White=0.80/Black=0.73} 1-0

[Event "Portuguese-ch U14-20 2022"]
[Site "Fatima"]
[Date "2022.04.13"]
[Round "6.23"]
[White "Ribeiro, Gustavo"]
[Black "Bartolo, Filipe Diogo Correia"]
[Result "1-0"]
[ECO "A01"]
[WhiteElo "1860"]
[BlackElo "1869"]
[Annotator "NA RC"]
[PlyCount "107"]
[EventDate "2022.04.10"]
[EventType "swiss"]
[EventCountry "POR"]
[SourceTitle "playchess.com"]
[Source "ChessBase"]
[SourceQuality "1"]
[TimeControl "5400+30"]

1. b3 d6 2. Bb2 Nd7 3. Nf3 Ngf6 4. d4 g6 5. g3 Bg7 6. Bg2 O-O 7. O-O c6 8. c4 Qc7 9. Nc3 e5 10. d5 c5 11. Nd2 Ne8 12. e3 f5 13. f4 Qd8 14. Qc2 e4 15. g4 Qh4 16. gxf5 gxf5 17. Qd1 Ndf6 18. Qe1 Qh6 19. Qg3 Ng4 20. Rae1 ({But not} 20. h3 $2 {[#]} Nxe3 $1 21. Rf2 (21. Qxe3 $2 Bd4 $19) 21... Nc2 $19) 20... Nef6 21. Nd1 Nh5 22. Qh4 Bxb2 23. Nxb2 Nhf6 24. Qxh6 Nxh6 25. h3 Bd7 26. Kh2 Kf7 27. Rg1 Rg8 28. Bh1 (28. a3 $11 {is superior.}) 28... Rxg1 29. Rxg1 Rg8 30. Nd1 Nhg4+ 31. hxg4 Nxg4+ {[%emt 0:00:04] [#]} 32. Rxg4 $1 Rxg4 33. Nf2 Rg8 34. Bg2 a5 35. Bh3 Ke7 36. a4 Rg7 37. Nf1 Kf6 38. Ng3 Kg6 39. Bf1 h5 40. Nh3 Kh6 (40... h4 $14) 41. Ng5 Bc8 $2 (41... h4 $16) 42. Bh3 Kg6 {[%emt 0:01:52] [#]} 43. N3xe4 $1 fxe4 44. Bxc8 Kf6 45. Nxe4+ Ke7 46. Ng5 b6 47. Kh3 Rg8 48. Be6 Rf8 49. Kh4 Rh8 50. e4 Rf8 {[%emt 0:00:18] [#]} 51. Bf7 $1 Rh8 $18 52. e5 dxe5 53. fxe5 Rf8 54. e6 1-0